 Dungeon Crawl Stone Soup version 0.31-a0-188-g5e087ee2ca (webtiles) character file.

Game seed: 17106295163616595182

49 qw the Shooter (level 3, 0/20 HPs)
             Began as a Deep Elf Hunter on June 23, 2023.
             Slain by an adder (2 damage)
             ... on level 2 of the Dungeon.
             The game lasted 00:00:27 (1011 turns).

qw the Shooter (Deep Elf Hunter)                    Turns: 1011, Time: 00:00:28

Health: 0/20       AC:  5    Str: 10    XL:     3   Next: 51%
Magic:  5/5        EV: 11    Int: 13    God:
Gold:   20         SH:  0    Dex: 18    Spells: 2/2 levels left

rFire   . . .        a - +0 orcbow
rCold   . . .        (shield currently unavailable)
rNeg    . . .        e - +0 ring mail
rPois   .            (no helmet)
rElec   .            (no cloak)
rCorr   .            (no gloves)
SInv    .            (no boots)
Will    .....        (no amulet)
Stlth   +            (no ring)
HPRegen 0.23/turn    (no ring)
MPRegen 0.09/turn

%: no passive effects
@: no status effects
A: no striking features
a: no special abilities


You were on level 2 of the Dungeon.
You visited 1 branch of the dungeon, and saw 2 of its levels.

You collected 156 gold pieces.
You spent 136 gold pieces at shops.


   Skills:
 - Level 1.5 Fighting
 + Level 7.0 Ranged Weapons
 - Level 2.4 Dodging
 - Level 1.2 Stealth


You had 2 spell levels left.
You didn't know any spells.
Your spell library was empty.

Inventory:

Hand Weapons
 a - a +0 orcbow (weapon)
Armour
 e - a +0 ring mail (worn)
Scrolls
 c - a scroll of enchant weapon {unknown}
 d - a scroll of silence {unknown}
Potions
 b - 3 potions of curing
 i - a potion of resistance {unknown}

Dungeon Overview and Level Annotations

Branches:
Dungeon (2/15)

Altars:
Hepliaklqana

Shops:
D:2 !(


Message History

Your Ranged Weapons skill increases to level 7!
You shoot an arrow. The arrow closely misses the adder.
The adder completely misses you. The frilled lizard bites you.
The adder bites you but does no damage.
You shoot an arrow. The arrow closely misses the adder.
The frilled lizard bites you but does no damage.
The adder bites you. The frilled lizard misses you.
You shoot an arrow. The arrow completely misses the adder.
The adder misses you. The adder bites you but does no damage.
The frilled lizard bites you but does no damage.
You shoot an arrow. The arrow misses the adder.
The adder bites you but does no damage.
The frilled lizard bites you but does no damage.
The adder closely misses you.
You shoot an arrow. The arrow hits the adder.
The adder is moderately wounded.
The frilled lizard completely misses you.
The adder bites you.
You are poisoned.
The adder poisons you!
You shoot an arrow. The arrow barely misses the adder.
You feel sick. The adder bites you but does no damage.
The frilled lizard barely misses you. The adder bites you but does no damage.
The frilled lizard barely misses you.
You shoot an arrow. The arrow barely misses the adder.
You feel sick. The adder misses you. The frilled lizard bites you.
The adder bites you.
You shoot an arrow. The arrow barely misses the adder.
You feel sick. The frilled lizard misses you. The adder closely misses you.
You shoot an arrow. The arrow misses the adder.
You feel sick.
You are no longer poisoned.
The adder barely misses you. The frilled lizard bites you.
The adder closely misses you. The frilled lizard closely misses you.
You shoot an arrow. The arrow hits the adder.
The adder is moderately wounded.
The adder bites you but does no damage.
The frilled lizard bites you but does no damage.
The adder bites you.
You die...

#.# #.##. #..).....# ..
#.# .....## ##.####...#
#. #.# #...#.###.## ###.
#.# #.# #.....### #..
#.. ... #.......# #..
... #..#..#.# ####..
#..#..#.# #.....
#..#..#.#####..#..
#@.#..........###.
[....rSl.......####..#..
#.#...#........##.......
#...#..._.............
#.. ........%.........
[... .......#.####.####
###. ..............# #.
........#<######
#######.#


You could see an adder, a quokka and a frilled lizard.

Vanquished Creatures
  An adder (D:2)
  A worm (D:2)
  3 endoplasms (D:1)
  A giant cockroach (D:1)
  3 goblins
  8 hobgoblins
  3 quokkas
  2 ball pythons
  2 bats
  3 frilled lizards
  3 kobolds
  3 rats
33 creatures vanquished.

Notes
Turn   | Place    | Note
-------+----------+-------------------------------------------
     0 | D:1      | qw the Deep Elf Hunter began the quest for the Orb.
     0 | D:1      | Reached XP level 1. HP: 12/12 MP: 3/3
     0 | D:1      | 0 ||| qw: Version: 0.3-a-9-g12657ce
     0 | D:1      | 0 ||| qw: Game counter: 4333
     0 | D:1      | 0 ||| qw: Always use a shield: true
     0 | D:1      | 0 ||| qw: God list: Okawaru
     0 | D:1      | 0 ||| qw: Allow faded altars: false
     0 | D:1      | 0 ||| qw: Do Orc after D:15 true
     0 | D:1      | 0 ||| qw: Do second Lair branch before Depths: true
     0 | D:1      | 0 ||| qw: Lair rune preference: random
     0 | D:1      | 0 ||| qw: Plans: Normal
     0 | D:1      | 0 ||| PLANNING D:1-11
   116 | D:1      | Reached XP level 2. HP: 16/16 MP: 4/4
   126 | D:1      | Reached skill level 6 in Ranged Weapons
   576 | D:1      | 576 ||| UPGRADING to +0 ring mail.
   586 | D:1      | 586 ||| DROPPING +0 leather armour.
   587 | D:1      | 587 ||| READING scroll labelled MOIFYL BAOT.
   588 | D:1      | 588 ||| READING scroll labelled QEASKO DYWE.
   589 | D:1      | 589 ||| READING 2 scrolls labelled GIUDAY LANERPH.
   590 | D:1      | 590 ||| READING scroll labelled SEPER WINOSA.
   591 | D:1      | 591 ||| READING scroll labelled WEEFOFUVEPP.
   592 | D:1      | 592 ||| DROPPING scroll of butterflies.
   593 | D:1      | 593 ||| DROPPING scroll of vulnerability.
   612 | D:2      | Found a hazy altar of Hepliaklqana.
   648 | D:2      | Found Xotiwkar's Antique Weapon Shop.
   656 | D:2      | 656 ||| BUYING orcbow (70 gold).
   656 | D:2      | Bought an orcbow for 70 gold pieces
   656 | D:2      | 656 ||| SWAPPING to +0 orcbow.
   659 | D:2      | 659 ||| DROPPING +0 shortbow of draining.
   676 | D:2      | Reached XP level 3. HP: 20/20 MP: 5/5
   938 | D:2      | Found Hyibuhu's Distillery.
   943 | D:2      | 943 ||| BUYING 2 potions of curing (66 gold).
   943 | D:2      | Bought 2 potions of curing for 66 gold pieces
   943 | D:2      | 943 ||| SHOPLISTING potion of curing (33 gold, have 13).
   943 | D:2      | 943 ||| SHOPLISTING potion of haste (110 gold, have 13).
   943 | D:2      | 943 ||| SHOPLISTING potion of mutation (88 gold, have 13).
  1002 | D:2      | Reached skill level 7 in Ranged Weapons
  1008 | D:2      | HP: 5/20 [adder (2)]
  1010 | D:2      | HP: 2/20 [frilled lizard (1)]
  1011 | D:2      | Slain by an adder

Levels and vault maps discovered:
D:1:      amcnicky_arrival_feature_with_door, layout_basic, minmay_statues_item
D:2:      layout_loops_ring, basic_altar, serial_shops, shop, shop,
          nicolae_square_shop

Skill      XL: |  1  2  3 |
---------------+----------+-----
Ranged Weapons | 6 7 |  7.0
Fighting       | |  1.5
Dodging        | |  2.4
Stealth        | |  1.2

Action                     || total
---------------------------++-------
   Fire: Shortbow          ||    63
         Orcbow            ||    44
    Use: Scroll            ||     5
 Armour: Leather armour    ||     3
         Ring mail         ||    22
  Dodge: Dodged            ||    38

Table legend:
 A = Non-vault XP
 B = Vault XP
 C = Vault XP percentage of total XP
 D = Non-vault monster count
 E = Vault monster count
 F = Vault count percentage of total count
                 A         B        C        D         E       F
            +---------+---------+-------+---------+---------+-------
      Total |      70 |       0 |   0.0 |      33 |       0 |   0.0
            +---------+---------+-------+---------+---------+-------
        D:1 |      34 |       0 |   0.0 |      21 |       0 |   0.0
        D:2 |      36 |       0 |   0.0 |      12 |       0 |   0.0
            +---------+---------+-------+---------+---------+-------
